 Dungeon Crawl Stone Soup version 0.31-a0-978-g1e143483b6 (webtiles) character file.

Game seed: 17380064957249924152

1804349 Ge0ff the Ghoulish Blade (level 27, 216/216 HPs)
             Began as a Ghoul Air Elementalist on Oct 28, 2023.
             Was the Champion of Vehumet.
             Escaped with the Orb
             ... and 4 runes on Oct 30, 2023!
             The game lasted 03:36:30 (118749 turns).

Ge0ff the Ghoulish Blade (Ghoul Air Elementalist) Turns: 118749, Time: 03:36:31

Health: 216/216    AC: 18    Str: 18    XL:     27
Magic:  44/46      EV: 19    Int: 30    God:    Vehumet [******]
Gold:   6704       SH: 11    Dex: 19    Spells: 10/66 levels left

rFire   + + +        a - +11 double sword of Propriety {freeze, rElec rF+ rC+ Int+3}
rCold   + . .        w - +3 buckler {AC+3}
rNeg    + + +        S - +3 leather armour "Toxuluv" {rPois rF+ Str+2 Int+2}
rPois   ∞            Q - +2 hat {Int+3}
rElec   +            u - +1 cloak {Will+}
rCorr   .            Z - +2 pair of gloves {hurl}
SInv    .            h - +0 pair of boots of Rationality {+Inv rElec rPois Stlth+}
Will    +++++        A - amulet of regeneration
Stlth   ++           c - ring "Zehila" {+Blink rF+ rC- Will++ Dex+6}
HPRegen 1.36/turn    e - ring "Eciasu" {Wiz rN+ Int+2 Dex+4, =R}
MPRegen 0.30/turn

%: wizardry (x1)
@: studying 3 skills
A: claws 1, cold resistance 1, negative energy resistance 3, inhibited
regeneration, torment resistance 2, devour on kill
0: Orb of Zot
}: 4/15 runes: decaying, slimy, silver, gossamer
a: Renounce Religion, Evoke Blink, Evoke Invisibility


You escaped.
You worshipped Vehumet.
Vehumet was exalted by your worship.
You visited 14 branches of the dungeon, and saw 58 of its levels.
You visited 1 ziggurat, and saw 14 of its levels.
You also visited: Trove, Bailey, Ice Cave and Volcano.

You collected 12636 gold pieces.
You spent 5932 gold pieces at shops.

Inventory:

Hand Weapons
 a - the +11 double sword of Propriety (weapon) {freeze, rElec rF+ rC+ Int+3}
   (You took it off a deep elf blademaster on level 3 of the Elven Halls)

   Int+3:     It affects your intelligence (+3).
   rF+:       It protects you from fire.
   rC+:       It protects you from cold.
   rElec:     It insulates you from electricity.
Missiles
 g - 4 throwing nets {=F}
 m - 2 silver javelins
 v - 16 curare-tipped darts {=F}
 L - 2 javelins
Armour
 h - the +0 pair of boots of Rationality (worn) {+Inv rElec rPois Stlth+}
   (You bought it in a shop on level 14 of the Dungeon)

   rElec:     It insulates you from electricity.
   rPois:     It protects you from poison +Inv: It lets you turn invisible.
   Stlth+:    It makes you more stealthy.
 u - a +1 cloak of willpower (worn)
 w - a +3 buckler of protection (worn)
 x - the +0 mask of the Dragon {Will+ Slay+3 SInv}
   (You found it on level 2 of the Realm of Zot)

   Slay+3:    It affects your accuracy & damage with ranged weapons and melee
   (+3).
   Will+:     It increases your willpower.
   SInv:      It lets you see invisible.
 Q - a +2 hat of intelligence (worn)
 S - the +3 leather armour "Toxuluv" (worn) {rPois rF+ Str+2 Int+2}
   (You took it off a vampire mage on level 3 of the Depths)

   Str+2:     It affects your strength (+2).
   Int+2:     It affects your intelligence (+2).
   rF+:       It protects you from fire.
   rPois:     It protects you from poison
 Z - a +2 pair of gloves of hurling (worn)
Magical Staves
 b - the staff of Truncation {rElec Str+3 Conj}
   (You took it off a yaktaur captain on level 5 of the Vaults)

   [staff of conjuration]

   Base accuracy: +5 Base damage: 5 Base attack delay: 1.2 This weapon's minimum
   attack delay (0.6) is reached at skill level 12.
   Str+3:     It affects your strength (+3).
   rElec:     It insulates you from electricity.
   Conj:      It increases the power of your Conjurations spells.
   It falls into the 'Staves' category.
   It is a one-clawed weapon.
 D - the staff of Hoahun {rN+ rCorr Stlth+ Necro}
   (You found it on level 5 of the Vaults)

   [staff of death]

   Base accuracy: +5 Base damage: 5 Base attack delay: 1.2 This weapon's minimum
   attack delay (0.6) is reached at skill level 12.
   rN+:       It protects you from negative energy.
   rCorr:     It protects you from acid and corrosion.
   Stlth+:    It makes you more stealthy.
   Necro:     It increases the power of your Necromancy spells.
   It falls into the 'Staves' category.
   It is a one-clawed weapon.
Jewellery
 c - the ring "Zehila" (left hand) {+Blink rF+ rC- Will++ Dex+6}
   (You took it off a wight on level 3 of the Crypt)

   [ring of dexterity]

   Dex+6:     It affects your dexterity (+6).
   rF+:       It protects you from fire.
   rC-:       It makes you vulnerable to cold.
   Will++:    It greatly increases your willpower.
   +Blink:    It lets you blink.
 e - the ring "Eciasu" (right hand) {Wiz rN+ Int+2 Dex+4, =R}
   (You took it off a deep elf sorcerer on level 3 of the Elven Halls)

   [ring of wizardry]

   Wiz:       It improves your spell success rate.
   Int+2:     It affects your intelligence (+2).
   Dex+4:     It affects your dexterity (+4).
   rN+:       It protects you from negative energy.
 k - the ring "Joimat" {rElec rN+ Int+5 Stlth+}
   (You took it off a wight on level 3 of the Crypt)

   [ring of positive energy]

   Int+5:     It affects your intelligence (+5).
   rElec:     It insulates you from electricity.
   rN+:       It protects you from negative energy.
   Stlth+:    It makes you more stealthy.
 A - an amulet of regeneration (around neck)
 Y - the ring "Doqaprasch" {rCorr SInv}
   (You found it in a treasure trove)

   [ring of resist corrosion]

   SInv:      It lets you see invisible.
   rCorr:     It protects you from acid and corrosion.
Wands
 d - a wand of digging (35)
 j - a wand of light (27)
 p - a wand of paralysis (117)
 r - a wand of roots (84)
 s - a wand of mindburst (27)
 P - a wand of polymorph (49)
Scrolls
 f - 4 scrolls of torment
 i - 51 scrolls of identify
 y - 12 scrolls of immolation
 B - 3 scrolls of blinking
 C - 7 scrolls of poison
 E - 12 scrolls of fear
 F - 13 scrolls of fog
 J - 7 scrolls of silence {!r}
 T - 28 scrolls of teleportation
 V - 11 scrolls of vulnerability
Potions
 o - 5 potions of ambrosia
 q - 22 potions of curing
 z - 3 potions of brilliance
 H - 3 potions of haste {!q}
 I - 3 potions of invisibility
 K - 5 potions of magic {!q}
 M - 9 potions of might
 N - 6 potions of cancellation {!q}
 R - 2 potions of resistance
 W - 7 potions of heal wounds {!q}
 X - 10 potions of enlightenment
Miscellaneous
 l - a lightning rod (3/4)
 n - a phial of floods (inert)
 t - a tin of tremorstones (2/2)
 G - the horn of Geryon
 O - a box of beasts
 U - a phantom mirror


   Skills:
 - Level 12.0 Fighting
 - Level 21.4 Long Blades
 - Level 6.0 Throwing
 - Level 7.0 Armour
 - Level 12.0 Dodging
 + Level 5.3 Stealth
 - Level 13.0 Shields
 - Level 20.0 Spellcasting
 - Level 20.5 Conjurations
 - Level 5.0 Hexes
 - Level 5.0 Translocations
 - Level 10.0 Transmutations
 - Level 5.0 Ice Magic
 - Level 20.5 Air Magic
 - Level 5.0 Earth Magic
 - Level 11.0 Evocations


You had 10 spell levels left.
You knew the following spells:

 Your Spells              Type           Power      Damage    Failure   Level
d - Iskenderun's Mystic   Conj/Tloc      82%        2d16      1%          4
e - Irradiate             Conj/Tmut      44%        3d26      1%          5
f - Conjure Ball Lightni  Conj/Air       50%        3x3d17    1%          6
g - Apportation           Tloc           100%       N/A       1%          1
l - Chain Lightning       Conj/Air       50%        3d67      4%          9
s - Freezing Cloud        Conj/Ice/Air   44%        6-21      1%          5
w - Passwall              Tmut/Erth      55%        N/A       1%          2
x - Maxwell's Capacitive  Air            50%        ∞         1%          8
y - Yara's Violent Unrav  Hex/Tmut       33%        3d14      1%          5
B - Blink                 Tloc           100%       N/A       1%          2
C - Airstrike             Air            50%        2d(8-24)  0%          4
E - Arcjolt               Conj/Air       50%        1d60      0%          5

Your spell library contained the following spells:

 Spells                   Type           Power      Damage    Failure   Level
 Polar Vortex             Ice            28%        12d3*     100%        9
 Shatter                  Erth           28%        3d23*     100%        9
 Magic Dart               Conj           100%       1d8       0%          1
 Shock                    Conj/Air       100%       1d9       0%          1
 Momentum Strike          Conj/Tloc      100%       3d10      0%          2
 Searing Ray              Conj           100%       2d8       0%          2
 Static Discharge         Conj/Air       100%       3-8/arc   0%          2
 Mephitic Cloud           Conj/Pois/Air  84%        N/A       0%          3
 Swiftness                Air            100%       N/A       0%          3
 Foxfire                  Conj/Fire      100%       2x1d9     1%          1
 Freeze                   Ice            100%       1d10      1%          1
 Kiss of Death            Conj/Necr      100%       2d13      1%          1
 Necrotise                Necr           100%       1d9       1%          1
 Sandblast                Erth           100%       2d20      1%          1
 Slow                     Hex            100%       N/A       1%          1
 Sting                    Tmut/Pois      100%       1d8       1%          1
 Summon Small Mammal      Summ           100%       N/A       1%          1
 Call Imp                 Summ           60%        N/A       1%          2
 Cigotuvi's Dreadful Rot  Necr/Pois/Air  100%       N/A       1%          2
 Ensorcelled Hibernation  Hex/Ice        100%       N/A       1%          2
 Jinxbite                 Hex            100%       N/A       1%          2
 Lesser Beckoning         Tloc           100%       N/A       1%          2
 Poisonous Vapours        Pois/Air       100%       N/A       1%          2
 Call Canine Familiar     Summ           30%        N/A       1%          3
 Confusing Touch          Hex            56%        N/A       1%          3
 Dazzling Flash           Conj/Hex       100%       N/A       1%          3
 Frozen Ramparts          Ice            100%       1d16      1%          3
 Gell's Gravitas          Tloc           56%        N/A       1%          3
 Hailstorm                Conj/Ice       82%        3d17      1%          3
 Ignite Poison            Fire/Tmut/Pois 49%        N/A       1%          3
 Inner Flame              Hex/Fire       45%        N/A       1%          3
 Ozocubu's Armour         Ice            56%        N/A       1%          3
 Sigil of Binding         Hex            56%        N/A       1%          3
 Stone Arrow              Conj/Erth      100%       3d13      1%          3
 Summon Guardian Golem    Hex/Summ       45%        N/A       1%          3
 Teleport Other           Tloc           56%        N/A       1%          3
 Tukima's Dance           Hex            56%        N/A       1%          3
 Vampiric Draining        Necr           30%        2d8       1%          3
 Volatile Blastmotes      Fire/Tloc      90%        2d17      1%          3
 Brom's Barrelling Bould  Conj/Erth      82%        2d9       1%          4
 Cause Fear               Hex            28%        N/A       1%          4
 Dimensional Bullseye     Hex/Tloc       28%        N/A       1%          4
 Flame Wave               Conj/Fire      75%        2d17      1%          4
 Fulminant Prism          Conj/Hex       41%        3d19      1%          4
 Leda's Liquefaction      Hex/Erth       28%        N/A       1%          4
 Manifold Assault         Tloc           56%        N/A       1%          4
 Olgreb's Toxic Radiance  Pois           30%        N/A       1%          4
 Passage of Golubria      Tloc           56%        N/A       1%          4
 Petrify                  Tmut/Erth      66%        N/A       1%          4
 Sticky Flame             Conj/Fire      75%        2d9       1%          4
 Summon Lightning Spire   Summ/Air       75%        N/A       1%          4
 Vhi's Electric Charge    Tloc/Air       100%       N/A       1%          4
 Fireball                 Conj/Fire      37%        3d15      1%          5
 Lee's Rapid Deconstruct  Erth           28%        3d15*     1%          5
 Silence                  Hex/Air        41%        N/A       1%          5
 Plasma Beam              Fire/Air       37%        2x1d51    1%          6
 Starburst                Conj/Fire      37%        6d11      1%          6
 Anguish                  Hex/Necr       22%        N/A       2%          4
 Animate Armour           Summ/Erth      90%        N/A       2%          4
 Summon Ice Beast         Ice/Summ       45%        N/A       2%          4
 Alistair's Intoxication  Tmut/Pois      37%        N/A       2%          5
 Metabolic Englaciation   Hex/Ice        28%        N/A       2%          5
 Eringya's Noxious Bog    Tmut/Pois      28%        4d6       4%          6
 Dispel Undead            Necr           30%        3d14      6%          4
 Borgnjor's Vile Clutch   Necr/Erth      22%        N/A       6%          5
 Summon Forest            Summ/Tloc      22%        N/A       6%          5
 Lehudib's Crystal Spear  Conj/Erth      41%        10d10     7%          8
 Dispersal                Tloc           28%        N/A       13%         6
 Agony                    Necr           30%        N/A       17%         5
 Ozocubu's Refrigeration  Ice            28%        4d13      19%         7
 Simulacrum               Ice/Necr       22%        N/A       32%         6
 Enfeeble                 Hex            28%        N/A       54%         7
 Death Channel            Necr           15%        N/A       65%         6
 Malign Gateway           Summ/Tloc      22%        N/A       86%         7
 Fire Storm               Conj/Fire      37%        8d10      87%         9
 Haunt                    Necr/Summ      15%        N/A       99%         7
 Summon Hydra             Summ           15%        N/A       99%         7
 Ignition                 Fire           15%        3d6       99%         8
 Summon Horrible Things   Summ           15%        N/A       100%        8
 Dragon's Call            Summ           15%        N/A       100%        9
 Sublimation of Blood     Necr           Unusable   N/A       N/A         2
 Wereblood                Tmut           Unusable   N/A       N/A         2

Dungeon Overview and Level Annotations

Branches:
Dungeon (15/15)            Temple (1/1) D:7            Lair (5/5) D:9
  Swamp (4/4) Lair:3       Spider (4/4) Lair:2        Slime (5/5) Lair:4
    Orc (2/2) D:12            Elf (3/3) Orc:2        Vaults (5/5) D:14
  Crypt (3/3) Vaults:3       Tomb (1/3) Crypt:3      Depths (4/4) D:15
   Hell (visited)             Dis (0/7) Hell            Geh (0/7) Hell
    Coc (0/7) Hell            Tar (0/7) Hell            Zot (5/5) Depths:4
 Bailey (visited)           IceCv (visited)         Volcano (visited)

Altars:
Ashenzari
Cheibriados
Dithmenos
Fedhas
Gozag
Hepliaklqana
Kikubaaqudgha
Makhleb
Nemelex Xobeh
Okawaru
Qazlal
Ru
Sif Muna
Trog
Uskayaw
Vehumet
Wu Jian
Xom
Yredelemnul
Jiyva
Lugonu

Shops:
D:5 *   D:7 *   D:11 [   D:12 :   D:14 [   Orc:2 *([[   Elf:2 (   Vaults:1 [
Vaults:2 ?   Vaults:3 !*?(   Vaults:5 *   Depths:4 [!

Portals:
Hell: Depths:1 Depths:2 Depths:3 Depths:4
Abyss: Lair:5 Depths:3
Pandemonium: Depths:2 Depths:4

Annotations:
D:1 21-26.9 lbl


Innate Abilities, Weirdness & Mutations

You are immune to poison.
You have sharp fingernails.
Your flesh is cold resistant. (rC+)
You are immune to negative energy. (rN+++)
You do not regenerate when monsters are visible.
You are immune to unholy pain and torment.
You thrive by killing the living.


Message History

The hell hound barks!
The hell hound breathes flames at you. The blast of flame misses you.
The hell hound breathes flames at you. The blast of flame hits you. You resist.
A hell hound comes into view.
An orange demon comes into view.
Lightning arcs from your hands!
The bolt of lightning hits the hell hound!!!!
You kill the hell hound!
Vehumet accepts your kill. The bolt of lightning hits you. You resist.
A hell hound comes into view.
A hell hound comes into view.
You block the orange demon's attack.
There is a stone staircase leading up here.
Lightning arcs from your hands!
The bolt of lightning hits the hell hound!!!!
You kill the hell hound!
Vehumet accepts your kill.
You feel your power returning. The bolt of lightning hits you. You resist.
The bolt of lightning hits the orange demon!!!
You kill the orange demon!
Vehumet accepts your kill.
You feel your power returning.
The bolt of lightning hits the hell hound!!!
You kill the hell hound!
Vehumet accepts your kill.
You feel your power returning.
A hellwing comes into view.
You miscast Chain Lightning.
You are very lightly contaminated with residual magic.
The air around you crackles with energy!!
You climb upwards.
There is a stone staircase leading down here.
Your magical contamination has completely faded away.
HP restored.
There is a stone staircase leading up here.
You climb upwards.
There is a stone staircase leading down here.
There is a stone staircase leading up here.
You climb upwards.
There is a stone staircase leading down here.
A sun demon comes into view.
There is a stone staircase leading up here.
You climb upwards.
Level annotation: 21-26.9 lbl
There is a stone staircase leading down here.
There is a staircase leading out of the dungeon here.
You have escaped!

.....# #................##)##.#
###..# ##.≈≈≈.≈≈≈≈≈≈.##.##.##[#
.....# ##≈≈≈≈≈.≈≈≈≈≈≈...##.##.#
####.# ##≈≈≈≈≈≈.≈≈≈≈≈≈≈#.......#
# #.# #≈≈≈8≈≈.≈≈≈≈≈8≈≈≈...######
# #.# #≈≈≈≈≈.≈≈≈≈≈≈≈≈≈≈^.....†.#
# #.# #≈≈≈≈≈.≈≈≈~~~≈≈≈≈...####.#
# #.# #≈≈≈≈≈.≈≈~≈≈≈~≈≈~...# #.#
#.# #≈≈≈≈≈≈..@≈≈≈≈~~≈..># #.# #.#
#≈~~≈≈≈≈>..≈≈≈≈≈≈...# #.#
#.###~≈≈~≈≈≈~≈≈.≈≈≈≈≈##.# #.#
####.##.≈≈≈≈~~~≈≈≈.≈≈≈≈≈##.# ##).
.....##.≈≈≈≈≈≈≈≈≈≈.≈≈≈≈≈##.###.#.
#######.≈≈≈8≈≈≈≈≈.≈≈8≈≈≈........#
# #..≈≈≈≈≈≈≈.≈≈≈≈≈≈#.#....... #
##.#≈≈≈≈≈≈.≈≈≈≈≈##.####....
#...≈≈≈≈≈≈.≈≈≈###.# #..##


There were no monsters in sight!

Vanquished Creatures
  the Royal Jelly (Slime:5)
  10 dread liches
  6 orbs of fire
  Khufu (Crypt:1)
  4 ancient liches
  The ghost of wilo the Conqueror, a master MfBe of Trog (Zot:5)
  8 royal mummies
  Vv (Zot:1)
  6 Killer Klowns
  A shard shrike (Zig:9)
  Saint Roka (Orc:2)
  2 curse toes
  Geryon (Hell)
  Bai Suzhen (Spider:3)
  17 golden dragons
  2 caustic shrikes
  A profane servitor (Zig:4)
  4 bone dragons
  Arachne (Spider:3)
  5 electric golems
  A hellephant (Zig:14)
  19 tentacled monstrosities
  A Hell Sentinel (Zig:7)
  2 Ice Fiends
  Rupert (Lair:3)
  26 acid blobs
  Jorgrun (D:13)
  Asterion (Spider:2)
  25 Orb Guardians (Zot:5)
  5 titans
  5 liches
  5 deep elf blademasters
  4 quicksilver dragons
  2 deep elf master archers (Elf:3)
  9 death cobs
  10 sphinxes
  6 tentacled starspawn
  Gastronok (D:10)
  11 ancient champions
  Agnes (Spider:1)
  Donald (Spider:3)
  Kirke (Spider:3)
  18 storm dragons
  15 shadow dragons
  7 tengu reavers
  4 revenants
  13 azure jellies
  3 draconian knights
  Roxanne (Spider:2)
  A thorn hunter (Swamp:2)
  9 fire giants
  4 draconian scorchers
  16 rockslimes
  4 iron dragons
  6 frost giants
  2 narguns (Zig:9)
  16 vault wardens
  10 deep elf sorcerers
  7 emperor scorpions
  7 deep elf elementalists
  3 curse skulls
  14 ghost moths
  5 draconian stormcallers
  6 draconian shifters
  An angel (D:15)
  A spectral tentacled monstrosity (Crypt:2)
  3 draconian annihilators
  A spectral caustic shrike (Zig:4)
  6 ghouls
  3 balrugs
  3 orc warlords
  4 reapers (Hell)
  21 ironbound preservers
  4 formless jellyfish
  A spriggan defender (Depths:4)
  22 very ugly things
  5 war gargoyles
  2 cacodemons
  A juggernaut zombie (Zig:12)
  2 demonspawn corrupters
  15 quicksilver oozes
  A broodmother (shapeshifter) (Depths:3)
  11 stone giants
  A broodmother (Spider:2)
  3 juggernaut skeletons
  9 ironbound thunderhulks
  9 eleionomae
  10 deep elf annihilators
  3 caustic shrike skeletons (Crypt:3)
  2 bennus (Tomb:1)
  8 purple draconians
  9 black draconians
  15 vampire knights
  Nessos (D:14)
  3 bunyips
  4 deep elf demonologists
  9 white draconians
  7 green draconians
  A lorocyproca (Depths:4)
  Azrael (Spider:3)
  2 wendigos
  3 dire elephants
  7 yellow draconians
  A spark wasp (Depths:3)
  12 red draconians
  A minotaur (D:13)
  12 deep elf death magi
  Josephine (Lair:4)
  3 merfolk javelineers
  4 eidola
  6 fire dragons
  14 mummy priests
  13 yaktaur captains
  2 kraken zombies (Crypt:2)
  6 entropy weavers
  A quicksilver dragon zombie (Crypt:1)
  A merfolk impaler (Zig:2)
  9 ettins
  9 deep elf high priests
  5 jiangshi
  A shambling mangrove (Zig:6)
  A crystal guardian (Vaults:3)
  An entropy weaver (shapeshifter) (Lair:5)
  5 great orbs of eyes
  33 vault guards
  A rakshasa (Depths:3)
  Erolcha (D:11)
  2 spriggan air magi
  4 spriggan skeletons
  A juggernaut simulacrum (Depths:3)
  A radroach (shapeshifter) (Depths:3)
  6 ice dragons
  An ogre mage (Vaults:4)
  21 hydras
  3 ghost crabs
  A caustic shrike simulacrum (Hell)
  12 ironbound frosthearts
  2 peacekeepers
  Erica (D:9)
  14 boulder beetles
  A fenstrider witch skeleton (Crypt:3)
  A catoblepas (Lair:3)
  2 anacondas (Lair:4)
  14 centaur warriors
  The ghost of Zituum the Thaumaturge, a journeyman DESu of Sif Muna (D:13)
  A tengu warrior (D:13)
  3 death knights
  An anaconda (shapeshifter) (Vaults:5)
  36 dancing weapons
  A death scarab (Zig:12)
  10 alligators
  A two-headed ogre (shapeshifter) (Depths:3)
  2 radroaches
  4 two-headed ogres
  3 jorogumos
  9 demonic crawlers
  A naga sharpshooter (Zig:3)
  8 deep troll shamans
  6 thrashing horrors
  3 occultists
  7 soul eaters
  2 orc high priests (Vaults:1)
  6 vampire magi
  8 hell knights
  7 deep troll earth magi
  7 wretched stars
  3 pharaoh ants
  6 titan skeletons (Crypt:3)
  Amaemon (Lair:3)
  A sea snake (shapeshifter) (Depths:3)
  6 sun demons
  4 sixfirhies
  A skyshark (Lair:1)
  21 deep elf knights
  43 skeletal warriors
  3 shadow wraiths
  3 goliath frogs
  12 iron trolls
  64 deep trolls
  A sea snake (Zig:2)
  A death drake (Swamp:2)
  A quicksilver dragon simulacrum (Hell)
  3 spriggan druids
  4 flayed ghosts
  9 arcanists
  3 spectral hydras (Swamp:2)
  2 deep trolls (shapeshifter)
  10 orb spiders
  A glowing orange brain (shapeshifter) (D:13)
  A bunyip skeleton (Crypt:3)
  8 ironbound convokers
  A lindwurm (shapeshifter) (Lair:5)
  A shadow demon (D:11)
  11 swamp dragons
  11 bog bodies
  14 deep elf archers
  A tengu zombie (Zig:12)
  2 orange crystal statues
  22 lindwurms
  A spriggan simulacrum (Crypt:2)
  9 harpies
  3 alligator zombies (Swamp:2)
  A shadow dragon zombie (Crypt:2)
  38 deep elf zephyrmancers
  9 starcursed masses
  6 goliath frog zombies (Swamp:2)
  25 phantasmal warriors
  10 steelbarb worms
  12 wolf spiders
  18 orc knights
  An anaconda skeleton (Crypt:3)
  12 necromancers
  A mana viper (shapeshifter) (D:14)
  3 orc sorcerers
  2 wolf spider zombies (Crypt:2)
  44 ugly things
  A salamander (shapeshifter) (D:15)
  35 deep elf pyromancers
  A manticore (shapeshifter) (Depths:3)
  6 will-o-the-wisps
  26 moths of wrath
  6 shining eyes
  6 manticores
  A worldbinder (Zig:14)
  2 iron dragon skeletons
  4 toenail golems (Volcano)
  14 vault sentinels
  20 elephants
  Maurice (Orc:1)
  An alligator snapping turtle zombie (Crypt:1)
  13 cyclopes
  A rust devil (D:9)
  15 cane toads
  4 black mambas
  A water nymph (shapeshifter) (Depths:3)
  An eye of devastation (shapeshifter) (Vaults:5)
  A frost giant skeleton (Depths:3)
  A gargoyle (Zig:7)
  4 torpor snails
  6 smoke demons
  4 orange demons
  2 apocalypse crabs
  2 eyes of devastation
  A storm dragon simulacrum (Hell)
  The ghost of suckswine the Cleaver, a novice GnWn of Makhleb (D:5)
  A minotaur zombie (Crypt:2)
  Maggie (D:9)
  8 freezing wraiths
  A death yak zombie (Crypt:3)
  A komodo dragon (shapeshifter) (Depths:3)
  Jeremiah (D:7)
  An unseen horror (D:11)
  A rime drake (shapeshifter) (D:14)
  5 rime drakes
  11 komodo dragons
  An efreet (D:14)
  6 swamp worm zombies (Swamp:2)
  34 yaktaurs
  2 hellions
  2 spectral demonic crawlers (Crypt:2)
  An anaconda simulacrum (IceCv)
  2 golden dragon simulacra (IceCv)
  A mana viper zombie (Crypt:1)
  14 guardian mummies
  A spectral glowing shapeshifter (Zig:4)
  A tengu conjurer (Depths:1)
  A green draconian skeleton (Crypt:1)
  2 merfolk (Zig:2)
  2 alligator snapping turtle skeletons (Crypt:3)
  4 ancient zymes
  A redback zombie (Crypt:2)
  A harpy zombie (Tomb:1)
  8 trolls
  2 polar bears
  A purple draconian skeleton (Crypt:2)
  A tarantella (shapeshifter) (Depths:3)
  2 bloated husks
  12 tyrant leeches
  Prince Ribbit (D:7)
  19 hornets
  A polar bear (shapeshifter) (Lair:5)
  A wind drake (Zig:2)
  21 blink frogs
  2 dream sheep (Lair:5)
  12 large abominations
  3 spectral swamp dragons (Swamp:2)
  2 alligator simulacra (IceCv)
  2 harpy skeletons (Crypt:3)
  3 raiju
  A jumping spider zombie (Crypt:2)
  23 tarantellas
  A dream sheep (shapeshifter) (Depths:3)
  A glass eye (shapeshifter) (Depths:3)
  5 glass eyes
  2 snapping turtles (shapeshifter)
  An ettin skeleton (Crypt:3)
  126 slime creatures
  14 flying skulls
  2 ynoxinuls (Lair:5)
  A vampire (D:10)
  4 air elementals
  29 jumping spiders
  A shadow (D:12)
  A spriggan (shapeshifter) (Vaults:5)
  10 water elementals
  A yak (shapeshifter) (Depths:3)
  2 wyverns
  A centaur simulacrum (D:14)
  12 culicivoras
  12 ushabtiu
  A merfolk skeleton (Tomb:1)
  14 spriggans
  4 fire elementals
  9 wraiths
  27 humans
  9 basilisks
  26 yaks
  2 chaos spawn (Lair:5)
  2 hogs (Spider:3)
  An ice dragon skeleton (Crypt:1)
  The ghost of Vorhees the Trooper, an amateur HuFi (D:4)
  6 fire bats
  2 neqoxecs
  5 golden eyes
  43 redbacks
  13 vampire mosquitoes
  A steam dragon (Lair:1)
  20 swamp worms
  Grum (D:9)
  A glowing shapeshifter zombie (Depths:3)
  3 harpy simulacra
  8 wargs
  15 hell hounds
  24 water moccasins
  A sky beast (shapeshifter) (Depths:3)
  7 swamp drakes (Swamp:4)
  45 orc warriors
  3 black bears
  A snapping turtle zombie (Crypt:3)
  2 sky beasts
  5 ogres
  A swamp dragon zombie (Crypt:2)
  An ettin simulacrum (IceCv)
  8 small abominations (Lair:5)
  A wolf (shapeshifter) (Depths:3)
  10 wolves
  6 boggarts
  A phantom (D:5)
  16 centaurs
  A tengu (shapeshifter) (D:14)
  2 draconian zombies
  2 elf zombies (Elf:1)
  2 kobold brigands
  A rime drake zombie (Crypt:3)
  27 bullfrogs
  A cyclops zombie (Crypt:2)
  12 scorpions
  A necrophage (Swamp:3)
  4 earth elementals
  A gnoll sergeant (D:8)
  A komodo dragon skeleton (Crypt:3)
  2 naga simulacra (Hell)
  19 wights
  A wyvern skeleton (Crypt:2)
  A raiju zombie (Crypt:2)
  3 spriggan zombies
  A troll zombie (Swamp:2)
  A troll skeleton (Crypt:2)
  12 killer bees
  4 howler monkeys
  5 electric eels
  2 bullfrog zombies
  4 hounds
  3 human zombies (Crypt:1)
  2 lava snakes (D:7)
  2 centaur zombies
  A centaur skeleton (D:5)
  3 jellies
  A gnoll bouda (D:3)
  19 orc priests
  8 iguanas
  A sleepcap (D:5)
  A human skeleton (Crypt:1)
  26 orc wizards
  7 hell rats (Lair:4)
  An acid dragon skeleton (Crypt:3)
  35 mummies
  Robin (D:3)
  25 gnolls
  8 adders
  A steam dragon zombie (Crypt:3)
  2 white imps
  2 worms
  119 orcs
  18 endoplasms
  3 giant cockroaches
  19 goblins
  16 hobgoblins
  17 jackals
  14 kobolds
  5 quokkas
  7 ball pythons
  A ball python skeleton (Crypt:1)
  5 bats
  5 frilled lizards
  2 frilled lizard skeletons (Crypt:1)
  A quokka skeleton (Crypt:3)
  A quokka zombie (Crypt:3)
  2 rats
  A creeping inferno (Hell)
  4 tentacles (Crypt:2)
2900 creatures vanquished.

Vanquished Creatures (collateral kills)
  the Lernaean hydra (Swamp:4)
  82 ball lightnings
83 creatures vanquished.

Vanquished Creatures (others)
  An orb of fire (Zot:5)
  A pharaoh ant (Spider:4)
  A deep elf pyromancer (Elf:2)
  A spark wasp simulacrum (Zig:9)
  A kobold (D:7)
  1687 ball lightnings
  8 foxfires
  4 tentacles (Crypt:2)
1704 creatures vanquished.

Grand Total: 4687 creatures vanquished

Notes
Turn   | Place    | Note
-------+----------+-------------------------------------------
     0 | D:1      | Ge0ff the Ghoul Air Elementalist began the quest for the
                  | Orb.
     0 | D:1      | Reached XP level 1. HP: 14/14 MP: 2/2
   146 | D:1      | Reached skill level 1 in Conjurations
   152 | D:1      | Reached XP level 2. HP: 22/22 MP: 0/3
   574 | D:1      | Reached skill level 1 in Fighting
   740 | D:1      | Learned a level 2 spell: Static Discharge
  1274 | D:2      | Reached XP level 3. HP: 22/28 MP: 0/5
  2068 | D:2      | Found a faded altar of an unknown god.
  2097 | D:2      | Reached XP level 4. HP: 35/35 MP: 6/6
  2257 | D:2      | Found an opulent altar of Gozag.
  2470 | D:3      | Identified the "Tolubuh"
  3007 | D:3      | Reached XP level 5. HP: 30/40 MP: 8/8
  3013 | D:3      | Learned a level 5 spell: Irradiate
  3380 | D:3      | Reached skill level 1 in Transmutations
  3635 | D:4      | Noticed a black bear
  3643 | D:4      | Killed a black bear
  3644 | D:4      | Reached XP level 6. HP: 44/47 MP: 9/9
  3700 | D:4      | Found a transporter.
  3703 | D:4      | Noticed Vorhees's ghost (amateur HuFi)
  3707 | D:4      | Noticed a yak
  3713 | D:4      | Found a transporter.
  4597 | D:5      | Identified the "Hate Ace"
  4597 | D:5      | Entered Level 5 of the Dungeon
  4645 | D:5      | Found Cub Anuz's Fire Supplies.
  4660 | D:5      | Bought a scroll of immolation for 56 gold pieces
  4712 | D:5      | Reached XP level 7. HP: 43/52 MP: 10/10
  4809 | D:5      | HP: 2/52 [killer bee (7)]
  5113 | D:5      | Found a transporter.
  5138 | D:5      | Reached XP level 8. HP: 30/59 MP: 11/11
  5691 | D:5      | Found a stormy altar of Qazlal.
  5711 | D:5      | Reached skill level 5 in Conjurations
  6028 | D:5      | Reached skill level 5 in Transmutations
  6114 | D:5      | Found a transporter.
  6116 | D:5      | Noticed suckswine's ghost (novice GnWn)
  6188 | D:6      | Identified the "Jelet"
  6601 | D:6      | Reached XP level 9. HP: 58/64 MP: 11/12
  6833 | D:6      | Found an opulent altar of Gozag.
  6840 | D:6      | Found an ancient bone altar of Kikubaaqudgha.
  6955 | D:6      | Found a shadowy altar of Dithmenos.
  7158 | D:7      | Found Muaramna's Assorted Antiques.
  7163 | D:7      | Bought a dented jade amulet for 115 gold pieces
  7225 | D:7      | Reached skill level 5 in Air Magic
  7256 | D:7      | Found a staircase to the Ecumenical Temple.
  7258 | D:7      | Noticed Prince Ribbit
  7273 | D:7      | Killed Prince Ribbit
  7478 | Temple   | Entered the Ecumenical Temple
  7486 | Temple   | Became a worshipper of Vehumet
  8295 | D:3      | Noticed Robin
  8304 | D:3      | Killed Robin
  8304 | D:3      | Reached * piety under Vehumet
  8304 | D:3      | Offered knowledge of Sandblast by Vehumet.
  8823 | D:7      | Found a bloodstained altar of Trog.
  8834 | D:7      | Noticed Jeremiah
  8842 | D:7      | Killed Jeremiah
  8984 | D:7      | Reached XP level 10. HP: 68/71 MP: 9/13
  9542 | D:8      | Offered knowledge of Searing Ray by Vehumet.
  9545 | D:8      | Reached ** piety under Vehumet
 10878 | D:9      | Noticed a two-headed ogre
 10885 | D:9      | Killed a two-headed ogre
 11016 | D:9      | Offered knowledge of Ignite Poison by Vehumet.
 11053 | D:9      | Learned a level 4 spell: Airstrike
 11277 | D:9      | Upgraded the game from 0.31-a0-971-g75a2e9a4b4 to
                  | 0.31-a0-978-g1e143483b6
 11334 | D:9      | Reached XP level 11. HP: 77/77 MP: 14/14
 11514 | D:9      | Noticed Erica
 11554 | D:9      | Reached *** piety under Vehumet
 11843 | D:9      | Found a staircase to the Lair.
 11852 | D:9      | Killed Erica
 12195 | D:9      | Noticed Maggie
 12319 | D:9      | Noticed Grum
 12330 | D:9      | Killed Grum
 12456 | D:10     | Entered Level 10 of the Dungeon
 12503 | D:10     | Found a flagged portal.
 12520 | Bailey   | Entered a bailey
 12882 | Bailey   | Offered knowledge of Flame Wave by Vehumet.
 13018 | Bailey   | Reached XP level 12. HP: 105/105 MP: 17/17
 13211 | D:9      | Killed Maggie
 13283 | D:9      | Found a basalt altar of Yredelemnul.
 13491 | D:10     | Noticed Gastronok
 13513 | D:10     | Killed Gastronok
 13701 | D:10     | Found a shimmering blue altar of Sif Muna.
 13731 | D:10     | Found an ornate altar of the Wu Jian Council.
 13731 | D:10     | Found a broken altar of Ashenzari.
 13763 | D:10     | Found a blossoming altar of Fedhas.
 14255 | D:4      | Killed Vorhees's ghost
 14419 | D:5      | Killed suckswine's ghost
 14420 | D:5      | Reached skill level 10 in Fighting
 14978 | D:11     | Found Usu Jyo's Armour Emporium.
 14988 | D:11     | Reached skill level 1 in Evocations
 15285 | D:11     | Reached skill level 10 in Transmutations
 15306 | D:11     | Reached skill level 5 in Spellcasting
 15313 | D:11     | Noticed a two-headed ogre
 15428 | D:11     | Killed a two-headed ogre
 15429 | D:11     | Reached XP level 13. HP: 113/113 MP: 9/19
 15637 | D:11     | Noticed Erolcha
 15651 | D:11     | Killed Erolcha
 15651 | D:11     | Reached **** piety under Vehumet
 15907 | D:12     | Found a staircase to the Orcish Mines.
 15918 | D:12     | Found an iron altar of Okawaru.
 16051 | D:12     | Offered knowledge of Fulminant Prism by Vehumet.
 16219 | D:12     | Reached skill level 10 in Conjurations
 16227 | D:12     | Found Rangaah's Book Emporium.
 17291 | D:13     | Identified the of Dausoesm
 17291 | Lair:1   | Entered Level 1 of the Lair of Beasts
 18595 | Lair:2   | Reached skill level 10 in Air Magic
 18895 | Lair:2   | Found a hole to the Spider Nest.
 18909 | Lair:2   | Reached ***** piety under Vehumet
 18918 | Lair:2   | Offered knowledge of Brom's Barrelling Boulder by Vehumet.
 20201 | Lair:3   | Found a staircase to the Swamp.
 20314 | Lair:3   | Found a dark tunnel.
 20412 | Volcano  | Entered a volcano
 20467 | Volcano  | Reached XP level 14. HP: 90/121 MP: 22/22
 21210 | Lair:3   | Noticed Amaemon
 21215 | Lair:3   | Killed Amaemon
 22121 | Lair:3   | Noticed Rupert
 22338 | Lair:3   | Killed Rupert
 23091 | Lair:4   | Reached skill level 5 in Evocations
 23961 | Lair:4   | Found a staircase to the Slime Pits.
 23961 | Lair:4   | Found a viscous altar of Jiyva.
 24016 | Lair:4   | Noticed Josephine
 24029 | Lair:4   | Killed Josephine
 24033 | Lair:4   | Offered knowledge of Sticky Flame by Vehumet.
 24983 | Lair:5   | Entered Level 5 of the Lair of Beasts
 25456 | Lair:5   | Identified 3 scrolls of acquirement
 25899 | Lair:5   | Reached XP level 15. HP: 126/126 MP: 17/24
 27795 | Lair:5   | Found a corrupted altar of Lugonu.
 27795 | Lair:5   | Found a one-way gate to the infinite horrors of the Abyss.
 28097 | Lair:5   | Acquired 799 gold pieces
 28098 | Lair:5   | Acquired 962 gold pieces
 28099 | Lair:5   | Identified the "Yttuvvei" (You acquired it on level 5 of
                  | the Lair of Beasts)
 28099 | Lair:5   | Acquired the Catalogue of Stormy Soot
 28108 | Lair:5   | Learned a level 6 spell: Conjure Ball Lightning
 28114 | Lair:5   | Learned a level 5 spell: Freezing Cloud
 28119 | Lair:5   | Learned a level 4 spell: Iskenderun's Mystic Blast
 28258 | Orc:1    | Entered Level 1 of the Orcish Mines
 28276 | Orc:1    | Noticed Maurice
 28294 | Orc:1    | Killed Maurice
 28557 | Orc:2    | Entered Level 2 of the Orcish Mines
 28632 | Orc:1    | Offered knowledge of Bombard by Vehumet.
 28871 | Orc:1    | Reached skill level 1 in Ice Magic
 28986 | Orc:1    | Reached skill level 1 in Translocations
 29247 | Orc:2    | Noticed an orc warlord
 29271 | Orc:2    | Killed an orc warlord
 30014 | Orc:2    | Found Jogiph's Armour Shoppe.
 30415 | Orc:2    | Found a staircase to the Elven Halls.
 30622 | Orc:2    | Noticed Saint Roka
 30658 | Orc:2    | Killed Saint Roka
 30980 | Orc:2    | Found Qaez's Antique Weapon Shop.
 30982 | Orc:2    | Found Nari Kau's Antique Armour Boutique.
 30989 | Orc:2    | Bought a faintly glowing short sword for 304 gold pieces
 30989 | Orc:2    | Identified the +9 short sword "Coaker" {heavy, rF+++ Str+2}
                  | (You bought it in a shop on level 2 of the Orcish Mines)
 31120 | Orc:2    | Found Acryjay's General Store.
 31303 | D:13     | Noticed Jorgrun
 31313 | D:13     | Killed Jorgrun
 31415 | D:13     | Noticed Zituum's ghost (journeyman DESu)
 31804 | D:13     | Offered knowledge of Iskenderun's Battlesphere by Vehumet.
 32095 | D:13     | Identified the staff of Taxation {rF+ rN+ Necro} (You took
                  | it off a centaur on level 13 of the Dungeon)
 32124 | D:13     | Found a runed translucent gate.
 32124 | D:13     | Found a runed translucent gate.
 32124 | D:13     | Found a runed translucent gate.
 32206 | D:13     | Found an opulent altar of Gozag.
 32537 | D:13     | Identified the +7 orcbow "Plojy" {drain, Fly Str+6 Int-2}
 32654 | D:13     | Identified the +4 glaive "Bohiff" {heavy, rC+ rN+}
 32791 | D:13     | Found a runed translucent door.
 32814 | D:13     | Reached XP level 16. HP: 134/134 MP: 25/25
 32824 | D:13     | Reached skill level 5 in Ice Magic
 33278 | D:13     | Killed Zituum's ghost
 33560 | D:13     | Found an opulent altar of Gozag.
 34355 | D:14     | Reached skill level 5 in Translocations
 34610 | D:14     | Found Iduridost's Antique Armour Boutique.
 34649 | D:14     | Bought a pair of steaming boots for 218 gold pieces
 34649 | D:14     | Identified the +0 pair of boots of Rationality {+Inv rElec
                  | rPois Stlth+} (You bought it in a shop on level 14 of the
                  | Dungeon)
 34667 | D:14     | Bought a translucent scale mail for 207 gold pieces
 34667 | D:14     | Identified the +0 scale mail "Abrot" {Harm rPois Dex-5}
                  | (You bought it in a shop on level 14 of the Dungeon)
 34667 | D:14     | Bought a slimy ring mail for 207 gold pieces
 34667 | D:14     | Identified the +0 ring mail "Biov Mem" {Dex+6 Stlth-} (You
                  | bought it in a shop on level 14 of the Dungeon)
 34952 | D:14     | Learned a level 2 spell: Blink
 35589 | D:14     | Offered knowledge of Lee's Rapid Deconstruction by Vehumet.
 35913 | D:14     | Noticed Nessos
 35916 | D:14     | Killed Nessos
 36449 | D:14     | Found a gate to the Vaults.
 36634 | D:15     | Entered Level 15 of the Dungeon
 37169 | D:15     | Found a staircase to the Depths.
 38379 | Swamp:1  | Entered Level 1 of the Swamp
 39787 | Swamp:1  | Offered knowledge of Orb of Destruction by Vehumet.
 40705 | Swamp:2  | Noticed a thorn hunter
 40708 | Swamp:2  | Reached XP level 17. HP: 131/140 MP: 26/26
 41619 | Swamp:2  | Reached skill level 15 in Air Magic
 44827 | Swamp:3  | Reached skill level 15 in Conjurations
 45230 | Swamp:3  | Identified the +2 ring mail of Grot {rN++ Will- Dex+4}
 45663 | D:8      | Learned a level 5 spell: Arcjolt
 45836 | Swamp:4  | Entered Level 4 of the Swamp
 45859 | Swamp:4  | Offered knowledge of Plasma Beam by Vehumet.
 45933 | Swamp:4  | Reached skill level 1 in Shields
 46421 | Swamp:4  | Reached XP level 18. HP: 147/147 MP: 30/30
 47112 | Swamp:4  | Noticed the 27-headed Lernaean hydra
 47117 | Swamp:4  | Killed the 27-headed Lernaean hydra
 47427 | Swamp:4  | Got a decaying rune of Zot
 47738 | Spider:1 | Entered Level 1 of the Spider Nest
 47741 | Spider:1 | Reached skill level 5 in Shields
 48809 | Spider:1 | Reached ****** piety under Vehumet
 48964 | Spider:1 | Noticed Agnes
 48968 | Spider:1 | Killed Agnes
 50272 | Spider:2 | Reached skill level 10 in Spellcasting
 50302 | Spider:2 | Noticed Asterion
 50303 | Spider:2 | HP: 1/147 [disintegration (47)]
 50324 | Spider:2 | Killed Asterion
 50324 | Spider:2 | Offered knowledge of Shatter by Vehumet.
 50324 | Spider:2 | Offered knowledge of Polar Vortex by Vehumet.
 50324 | Spider:2 | Offered knowledge of Ignition by Vehumet.
 50794 | Spider:2 | Noticed Roxanne
 51259 | Spider:3 | Noticed Arachne
 51427 | Spider:3 | Found a frozen archway.
 51431 | IceCv    | Entered an ice cave
 51439 | IceCv    | Found a transporter.
 51459 | IceCv    | Found a transporter.
 51546 | Spider:3 | Noticed Kirke
 51550 | Spider:3 | Killed Kirke
 51653 | Spider:3 | Noticed Bai Suzhen
 52350 | Spider:3 | Identified the +1 kite shield "Arit" {rElec}
 52350 | Spider:3 | Noticed Donald
 52367 | Spider:3 | Killed Donald
 52368 | Spider:3 | Reached XP level 19. HP: 92/154 MP: 32/32
 52368 | Spider:3 | Killed Arachne
 52380 | Spider:2 | Learned a level 8 spell: Maxwell's Capacitive Coupling
 52459 | Spider:3 | Noticed Azrael
 52469 | Spider:3 | Killed Azrael
 52907 | Spider:2 | Killed Roxanne
 53439 | Spider:3 | Killed Bai Suzhen
 53601 | Spider:4 | Entered Level 4 of the Spider Nest
 54972 | Spider:4 | Identified the +1 pair of gloves of Hutt {rC+}
 54997 | Spider:4 | Got a gossamer rune of Zot
 55448 | Vaults:5 | Identified the "Plog"
 55448 | Depths:3 | Identified the "Tydghuriu"
 55448 | Depths:3 | Identified the "Hoskyqel"
 55448 | Elf:1    | Identified the of Pywkoh
 55448 | Elf:1    | Identified the "Doil"
 55448 | Elf:1    | Entered Level 1 of the Elven Halls
 56986 | Elf:1    | Reached XP level 20. HP: 125/161 MP: 13/34
 58021 | Elf:2    | Found Nuwn's Weapon Shoppe.
 58765 | Elf:2    | Found a runed translucent gate.
 58766 | Elf:2    | Found a runed translucent gate.
 58766 | Elf:2    | Found a runed translucent gate.
 59983 | Elf:3    | Identified the "Tetsusi"
 59983 | Elf:3    | Entered Level 3 of the Elven Halls
 60107 | Elf:3    | Found a huge runed translucent gate.
 60107 | Elf:3    | Identified the +0 double sword of Asont {freeze, Drain
                  | *Slow rN+++ Int+2}
 60108 | Elf:3    | Found a huge runed translucent gate.
 60108 | Elf:3    | Found a huge runed translucent gate.
 60108 | Elf:3    | Found a huge runed translucent gate.
 60109 | Elf:3    | Found a huge runed translucent gate.
 60110 | Elf:3    | Found a huge runed translucent gate.
 60111 | Elf:3    | Found a huge runed translucent gate.
 60111 | Elf:3    | Found a huge runed translucent gate.
 60113 | Elf:3    | Identified the +11 double sword of Propriety {freeze, rElec
                  | rF+ rC+ Int+3}
 61387 | Elf:3    | Reached XP level 21. HP: 147/168 MP: 36/36
 61826 | Elf:3    | Identified the +9 morningstar of Nemelex Xobeh's Favour
                  | {drain, Str-4 Int+6 Dex+4}
 61826 | Elf:3    | Identified the ring "Eciasu" {Wiz rN+ Int+2 Dex+4}
 61843 | Elf:3    | Identified the +6 dagger "Asoul" {protect, Dex+3}
 61956 | Elf:3    | Identified the +7 dire flail of Xom's Delight {flame, rF+
                  | Stlth+}
 61961 | Elf:3    | Identified the ring "Xudghunk" {Ice MP+9 Str+5 Int-2}
 62338 | Elf:3    | Acquired the ring of Puif {rN+ Will+ Dex+3}
 62692 | Vaults:1 | Entered Level 1 of the Vaults
 64342 | Vaults:1 | Found Jittycaa's Antique Armour Shoppe.
 65390 | Vaults:2 | Found the +18 shield of the Gong {Loud rN+ Will+ rCorr
                  | EV-5}
 65545 | Vaults:2 | Reached XP level 22. HP: 133/174 MP: 31/38
 66025 | Vaults:2 | Found Plog's Magic Scroll Boutique.
 66043 | Vaults:2 | Bought a scroll of revelation for 150 gold pieces
 66043 | Vaults:2 | Bought a scroll of poison for 80 gold pieces
 66043 | Vaults:2 | Bought a scroll of vulnerability for 80 gold pieces
 66043 | Vaults:2 | Bought a scroll of teleportation for 60 gold pieces
 66834 | Vaults:3 | Found Lausi Itapp's General Store.
 66872 | Vaults:3 | Found Poti's Distillery.
 66875 | Vaults:3 | Bought a potion of curing for 54 gold pieces
 66875 | Vaults:3 | Bought a potion of curing for 54 gold pieces
 66875 | Vaults:3 | Bought a potion of curing for 54 gold pieces
 66875 | Vaults:3 | Bought a potion of enlightenment for 90 gold pieces
 66875 | Vaults:3 | Bought a potion of haste for 180 gold pieces
 67404 | Vaults:3 | Found Pazod's Weapon Boutique.
 67624 | Vaults:3 | Learned a level 9 spell: Chain Lightning
 68015 | Vaults:3 | Found Wasotyto's Magic Scroll Emporium.
 68514 | Vaults:3 | Found a staircase to the Crypt.
 69877 | Vaults:3 | Bought a scroll of torment for 123 gold pieces
 69877 | Vaults:3 | Bought a scroll of fear for 52 gold pieces
 69877 | Vaults:3 | Bought a scroll of immolation for 52 gold pieces
 69877 | Vaults:3 | Bought a scroll of teleportation for 39 gold pieces
 70530 | Vaults:4 | Identified the +5 war axe of the Solstice {pain, rPois rN++
                  | Str+3 Int-5}
 70555 | Vaults:4 | Reached skill level 10 in Shields
 71567 | Vaults:4 | Reached XP level 23. HP: 175/181 MP: 30/39
 71938 | Vaults:4 | Identified the +1 buckler of Ihahugizas {rN+ Stlth+}
 72684 | Crypt:1  | Entered Level 1 of the Crypt
 73262 | Crypt:1  | Noticed a royal mummy
 73276 | Crypt:1  | Killed a royal mummy
 73277 | Crypt:1  | Reached skill level 5 in Dodging
 73388 | Crypt:1  | Noticed Khufu
 73399 | Crypt:1  | Killed Khufu
 75655 | Crypt:2  | Reached skill level 15 in Spellcasting
 77532 | Crypt:3  | Entered Level 3 of the Crypt
 78104 | Crypt:2  | Identified the +6 quick blade "Giuppi" {pain, rF++ Dex+3}
 78125 | Crypt:2  | Identified the +1 dagger of Dishonour {freeze, rN+}
 78145 | Crypt:2  | Identified the +5 dagger of Massacring {vamp, rCorr}
 78156 | Crypt:2  | Identified the +1 dagger of the Illusory Brambles {heavy,
                  | rN+}
 78651 | Crypt:3  | Noticed a dread lich
 78653 | Crypt:3  | Killed a dread lich
 78779 | Crypt:3  | Reached XP level 24. HP: 171/189 MP: 39/41
 79912 | Crypt:3  | Noticed a dread lich
 79923 | Crypt:3  | Killed a dread lich
 80095 | Crypt:3  | Identified the ring "Zehila" {+Blink rF+ rC- Will++ Dex+6}
 80224 | Crypt:3  | Identified the +1 flail "Killer Klown's Regret" {speed,
                  | SInv}
 80224 | Crypt:3  | Identified the ring "Joimat" {rElec rN+ Int+5 Stlth+}
 80232 | Crypt:3  | Reached skill level 10 in Dodging
 80961 | Crypt:3  | Found a burning altar of Makhleb.
 81096 | Crypt:3  | Found a staircase to the Tomb.
 81244 | Crypt:3  | Identified the ring "Aloj" {rElec rPois rN+ Will- Str-5}
 81385 | Vaults:5 | Entered Level 5 of the Vaults
 81690 | Depths:1 | Entered Level 1 of the Depths
 81893 | Depths:1 | Found a hide-covered altar of Uskayaw.
 82113 | Depths:1 | Found a sacrificial altar of Ru.
 82435 | Depths:1 | You fall into a shaft and drop 1 floor!
 82778 | Depths:1 | Found a gateway to Hell.
 83126 | Depths:2 | Found a one-way gate leading to the halls of Pandemonium.
 83188 | Depths:2 | Found a portal to a secret trove of treasure.
 83520 | Depths:2 | Found a one-way gateway to a ziggurat.
 84649 | Depths:2 | You paid a toll of 4 scrolls of blinking to enter a
                  | treasure trove
 84650 | Trove    | Entered a treasure trove
 84655 | Trove    | Identified the amulet "Fuxzakejy" {Spirit Will+ Str+2}
 84658 | Trove    | Identified the ring of Jehouwn {rC+ MP+9 Int+2}
 84659 | Trove    | Identified the ring "Giheafar" {Will+ Str+2 Int+4 Slay-4}
 84661 | Trove    | Identified the ring of Beqixeamm {EV+5 Slay+2}
 84662 | Trove    | Identified the ring "Doqaprasch" {rCorr SInv}
 84663 | Trove    | Identified the ring of the King {Fire Str+5 Stlth+}
 85636 | Depths:3 | Reached XP level 25. HP: 194/194 MP: 34/43
 87419 | Depths:3 | Identified the +0 hand axe "Wyedwy" {speed, *Rage rElec
                  | rC+++ SInv}
 87641 | Depths:3 | Identified the +7 halberd "Hyemonepp" {freeze, rElec Int+3}
 87641 | Depths:3 | Identified the +3 leather armour "Toxuluv" {rPois rF+ Str+2
                  | Int+2}
 88066 | Depths:3 | Identified the staff of War {*Corrode rElec rN+ Str+4
                  | Necro}
 88328 | Depths:4 | Entered Level 4 of the Depths
 88722 | Depths:4 | Found a gate to the Realm of Zot.
 90097 | Depths:4 | Found Cechisuf's Distillery.
 90097 | Depths:4 | Found Dungiso's Armour Shop.
 90118 | Depths:4 | Bought a potion of heal wounds for 100 gold pieces
 90118 | Depths:4 | Bought a potion of haste for 200 gold pieces
 90118 | Depths:4 | Bought a potion of curing for 60 gold pieces
 90436 | Depths:4 | Acquired 839 gold pieces
 90640 | Orc:2    | Bought fine ice dragon scales for 1755 gold pieces
 90640 | Orc:2    | Identified the +0 ice dragon scales "Vafoq" {rPois rF- rC++
                  | Int+3 Stlth+} (You bought it in a shop on level 2 of the
                  | Orcish Mines)
 90825 | D:5      | Bought a scroll of immolation for 56 gold pieces
 90857 | D:7      | Bought a scroll of teleportation for 69 gold pieces
 90857 | D:7      | Bought a scroll of poison for 92 gold pieces
 90982 | D:12     | Bought a book of Party Tricks for 286 gold pieces
 90982 | D:12     | Bought a book of Iron for 416 gold pieces
 91081 | Orc:2    | Bought a wand of roots (4) for 115 gold pieces
 91337 | Vaults:3 | Bought a wand of digging (4) for 252 gold pieces
 91390 | Vaults:5 | Identified the +5 great mace "Vaplol" {drain, Str-4 Dex+6}
 91392 | Vaults:5 | Identified the staff of Truncation {rElec Str+3 Conj}
 91506 | Vaults:5 | Reached skill level 1 in Armour
 91692 | Vaults:5 | Reached XP level 26. HP: 121/210 MP: 4/45
 92365 | Vaults:5 | Identified the +6 flail of the Vendetta {holy, rC+ Str+2
                  | Int+5}
 92463 | Vaults:5 | Noticed a dread lich
 92479 | Vaults:5 | Killed a dread lich
 92713 | Vaults:5 | Identified the +7 war axe of the Dwarven Hall {flame, Str-2
                  | Int+4}
 93051 | Vaults:5 | Found Otesiaxt's General Store.
 93061 | Vaults:5 | Bought a potion of ambrosia for 184 gold pieces
 93061 | Vaults:5 | Bought a scroll of revelation for 172 gold pieces
 93182 | Vaults:5 | Identified the +2 quarterstaff of the Ancient Mice {holy,
                  | Dex+3}
 93183 | Vaults:5 | Identified the +5 quarterstaff of Izeoqug {flame, rN+ Int+3
                  | Stlth+}
 93380 | Vaults:5 | Identified the +0 plate armour of Gozag's Castigation {rC++
                  | Regen+}
 93520 | Vaults:5 | Identified the staff of Hoahun {rN+ rCorr Stlth+ Necro}
 93655 | Vaults:5 | Got a silver rune of Zot
 93656 | Vaults:5 | Identified the +0 robe of Upsue {rElec Int+3}
 94037 | Vaults:5 | Learned a level 1 spell: Apportation
 94040 | Vaults:5 | Learned a level 2 spell: Passwall
 94046 | Vaults:5 | Learned a level 5 spell: Yara's Violent Unravelling
 94438 | Zot:5    | Identified the "Bixugrotz"
 94438 | Slime:1  | Entered Level 1 of the Pits of Slime
 94906 | Slime:3  | Reached skill level 1 in Earth Magic
 95033 | Slime:2  | Reached skill level 1 in Long Blades
 95555 | Slime:3  | Reached skill level 1 in Hexes
 95686 | Slime:2  | Reached skill level 5 in Armour
 96743 | Slime:5  | Entered Level 5 of the Pits of Slime
 96747 | Slime:5  | Reached skill level 2 in Long Blades
 96892 | Slime:5  | Noticed the Royal Jelly
 98030 | Slime:5  | Killed the Royal Jelly
 98043 | Slime:4  | Reached skill level 3 in Long Blades
 98806 | Slime:5  | Identified the +4 sling of the Hidden Vale {flame, Stlth+}
 98809 | Slime:5  | Identified the +5 scale mail of Failure {rCorr Str+3}
 98848 | Slime:5  | Got a slimy rune of Zot
 98854 | Slime:5  | Identified the +0 scale mail of the Flute {Slay+2 Stlth+}
 98872 | Slime:5  | Identified the +5 ring mail of Hiuret {rCorr Int+2}
 98880 | Slime:5  | Identified the +0 dire flail of Cowardice {flame, *Rage
                  | MP+9 Int+4 Stlth-}
 98883 | Slime:5  | Identified the +4 scale mail of Absolutism {rElec}
 98898 | Slime:5  | Identified the staff of the Extremes {Fly rPois rC++ SInv
                  | Poison}
 98902 | Slime:5  | Identified the staff of the End {rElec rC++ rCorr Dex-5
                  | Conj}
 99784 | Tomb:1   | Entered Level 1 of the Tomb of the Ancients
100759 | Tomb:1   | Reached skill level 1 in Throwing
100940 | Tomb:1   | Noticed a royal mummy
100943 | Tomb:1   | Killed a royal mummy
101339 | Tomb:1   | Noticed a royal mummy
101921 | Tomb:1   | Noticed a royal mummy
101926 | Tomb:1   | Killed a royal mummy
101929 | Tomb:1   | Killed a royal mummy
102334 | Tomb:1   | Noticed a royal mummy
102339 | Tomb:1   | Killed a royal mummy
102702 | Tomb:1   | Reached skill level 4 in Long Blades
102836 | Tomb:1   | Reached XP level 27. HP: 214/216 MP: 27/46
103674 | Zot:1    | Entered Level 1 of the Realm of Zot
103719 | Hell     | Entered the Vestibule of Hell
103723 | Hell     | Noticed Geryon
103731 | Hell     | Killed Geryon
103742 | Hell     | Reached skill level 5 in Earth Magic
104037 | Hell     | Found a gateway to the Iron City of Dis.
104164 | Hell     | Found a gateway to the ashen valley of Gehenna.
104200 | Hell     | Found a gateway to the decaying netherworld of Tartarus.
104245 | Hell     | Found a gateway to the freezing wastes of Cocytus.
104302 | Hell     | Paralysed by a wendigo for 1 turns
104759 | Zot:1    | Reached skill level 5 in Long Blades
105641 | Zot:1    | Noticed Vv
105646 | Zot:1    | Killed Vv
105721 | Zot:1    | Reached skill level 5 in Hexes
106113 | Zot:1    | Identified the +4 war axe "Cejeuklu" {heavy, rC+ Str+3
                  | Int-5 Dex+6}
106808 | Zot:2    | Found a transporter.
106877 | Zot:2    | Reached skill level 6 in Long Blades
106928 | Zot:2    | Found the +0 mask of the Dragon {Will+ Slay+3 SInv}
107113 | Zot:2    | Reached skill level 5 in Throwing
108389 | Zot:2    | Reached skill level 7 in Long Blades
108402 | Zot:2    | Found a transporter.
108630 | Zot:2    | Reached skill level 8 in Long Blades
109381 | Zot:3    | Reached skill level 10 in Evocations
110305 | Zot:4    | Reached skill level 9 in Long Blades
111445 | Zot:4    | Identified the +1 hand axe "Ojotilyo" {venom, rPois}
111727 | Zot:4    | Reached skill level 10 in Long Blades
112132 | Zot:4    | Noticed an orb of fire
112187 | Zot:4    | Killed an orb of fire
112296 | Zot:5    | Entered Level 5 of the Realm of Zot
112505 | Zot:5    | Found a runed translucent gate.
112506 | Zot:5    | Found a runed translucent gate.
112506 | Zot:5    | Found an ancient bone altar of Kikubaaqudgha.
112507 | Zot:5    | Found a runed translucent gate.
112508 | Zot:5    | Noticed an ancient lich
112508 | Zot:5    | Noticed a dread lich
112509 | Zot:5    | Noticed a dread lich
112509 | Zot:5    | Noticed wilo's ghost (master MfBe)
112515 | Zot:5    | Noticed a dread lich
113107 | Zot:5    | Reached skill level 11 in Long Blades
113725 | Zot:5    | Noticed an orb of fire
113730 | Zot:5    | Killed an orb of fire
113997 | Zot:5    | Killed a dread lich
113998 | Zot:5    | Reached skill level 12 in Long Blades
113998 | Zot:5    | Killed wilo's ghost
113998 | Zot:5    | Killed a dread lich
113998 | Zot:5    | Killed a dread lich
113999 | Zot:5    | Killed an ancient lich
114031 | Zot:5    | Identified the ring of Departure {rPois Will+}
114035 | Zot:5    | Identified the +1 pair of gloves "Ysyts" {rPois}
114130 | Zot:5    | Noticed an orb of fire
114135 | Zot:5    | Reached skill level 13 in Long Blades
114140 | Zot:5    | Killed an orb of fire
114318 | Zot:5    | Noticed an orb of fire
114322 | Zot:5    | Killed an orb of fire
114540 | Zot:5    | Noticed an orb of fire
114545 | Zot:5    | Killed an orb of fire
114568 | Zot:5    | Found an ancient bone altar of Kikubaaqudgha.
114588 | Zot:5    | Noticed an orb of fire
114592 | Zot:5    | Killed an orb of fire
114601 | Zot:5    | Noticed an orb of fire
114605 | Zot:5    | Killed an orb of fire
114606 | Zot:5    | Reached skill level 14 in Long Blades
114765 | Zot:5    | Noticed a dread lich
114771 | Zot:5    | Killed a dread lich
115144 | Zot:5    | Noticed a dread lich
115145 | Zot:5    | Noticed a dread lich
115150 | Zot:5    | Killed a dread lich
115151 | Zot:5    | Reached skill level 15 in Long Blades
115159 | Zot:5    | Noticed a dread lich
115184 | Zot:5    | Killed a dread lich
115309 | Zot:5    | Noticed an ancient lich
115314 | Zot:5    | Killed an ancient lich
115572 | Zot:5    | Found the +3 greatsling "Punk" {acid, rCorr}
115668 | Zot:5    | Reached skill level 16 in Long Blades
115868 | Zot:5    | Noticed an ancient lich
116283 | Zot:5    | Killed an ancient lich
116290 | Zot:5    | Killed a dread lich
116640 | Tomb:3   | Identified the "Patsyon"
116640 | Tar:7    | Identified the "Qedgh"
116640 | Coc:7    | Identified the "Nuck"
116640 | Zig:1    | Entered Level 1 of a ziggurat
116690 | Zig:2    | Entered Level 2 of a ziggurat
116707 | Zig:3    | Entered Level 3 of a ziggurat
116756 | Zig:4    | Identified the of Rennaan
116756 | Zig:4    | Entered Level 4 of a ziggurat
116851 | Zig:4    | Identified the ring of Skepticism {*Corrode rPois MP+9
                  | Slay+5 SInv}
116854 | Zig:4    | Identified the +6 sling of the Stork {drain, *Slow rPois
                  | rC+ Int+7}
116855 | Zig:4    | Identified the +1 dagger "Dragon's Tongue" {freeze, Int+3}
116860 | Zig:5    | Identified the of Daggo
116860 | Zig:5    | Entered Level 5 of a ziggurat
116867 | Zig:5    | Reached skill level 17 in Long Blades
117015 | Zig:6    | Entered Level 6 of a ziggurat
117059 | Zig:7    | Entered Level 7 of a ziggurat
117066 | Zig:7    | Reached skill level 18 in Long Blades
117208 | Zig:7    | Identified the staff of Uprotido {rPois MP+9 Earth}
117209 | Zig:7    | Identified the +5 glaive of Biojen {flame, rC+}
117224 | Zig:8    | Entered Level 8 of a ziggurat
117259 | Zig:8    | Identified the +2 robe of the King of the Hill {+Blink
                  | rElec rC- Archmagi}
117286 | Zig:9    | Entered Level 9 of a ziggurat
117293 | Zig:9    | Noticed an ancient lich
117298 | Zig:9    | Killed an ancient lich
117360 | Zig:9    | Identified the +6 falchion "Ogreslayer" {antimagic, Dex+3}
117394 | Zig:10   | Entered Level 10 of a ziggurat
117405 | Zig:10   | Reached skill level 19 in Long Blades
117483 | Zig:11   | Identified the of Vepyu
117483 | Zig:11   | Identified the of Afenleik
117483 | Zig:11   | Entered Level 11 of a ziggurat
117540 | Zig:11   | Identified the ring "Vecwauz" {rF++ rCorr}
117583 | Zig:12   | Entered Level 12 of a ziggurat
117589 | Zig:12   | Noticed a royal mummy
117590 | Zig:12   | Noticed a royal mummy
117593 | Zig:12   | Noticed a royal mummy
117597 | Zig:12   | Killed a royal mummy
117598 | Zig:12   | Killed a royal mummy
117602 | Zig:12   | Killed a royal mummy
117608 | Zig:12   | Identified the staff of Kydghu {+Blink rF+ rC- rN+ rCorr
                  | Necro}
117727 | Zig:13   | Entered Level 13 of a ziggurat
117741 | Zig:13   | Reached skill level 20 in Long Blades
117823 | Zig:14   | Entered Level 14 of a ziggurat
117850 | Zig:14   | Identified the +1 cloak "Jatz" {rElec rF+}
117909 | Zig:14   | Reached skill level 21 in Long Blades
117916 | Zig:14   | Identified the +9 short sword of Seeladuo {speed, rC+ rCorr
                  | Int-4 Dex+3}
117919 | Zig:14   | Identified the amulet of Gohyuz {Faith Int-5 Dex+5}
118156 | Zot:5    | Got the Orb of Zot
118594 | D:9      | Reached skill level 5 in Stealth
118749 | D:$      | Escaped with the Orb!

Illustrated notes

Levels and vault maps discovered:
D:1:      nzn_arrival_water_spiral, layout_loops_ring, minmay_misc_feat_encased,
          minivault_26
D:2:      cheibrodos_old_hovel, layout_basic, basic_ecumenical_altar,
          basic_altar, reono_crystal_passage
D:3:      lemuel_castle_with_subvaults [lemuel_castle_interior_carwin_3],
          layout_basic, minmay_circle_x, uniq_robin
D:4:      layout_basic, gammafunk_ghost_arena, saegor_snake_ambush
D:5:      layout_loops_cross, nicolae_qazlal_beasts_of_the_sky,
          gammafunk_ghost_mausoleum, eino_tiny_chamber, nicolae_shop_fire_sale
          [nicolae_sub_dead_trees]
D:6:      layout_gridville, nicolae_overflow_hidden_temple
D:7:      layout_cave_pools, trog_butcher_becter, minmay_temple_entry_grid,
          serial_shops, nicolae_shop_trees, hangedman_decor_push,
          nicolae_lava_and_water, serial_bayou_ford_a, uniq_prince_ribbit1,
          uniq_jeremiah
D:8:      layout_cave_pods
D:9:      layout_loops_corners, lemuel_coloured_pillars_altar,
          due_lair_maze_entry_diamond, minmay_misc_feat_square, uniq_maggie,
          uniq_grum, uniq_erica
D:10:     layout_roguey, gammafunk_temple_overflow_forgotten,
          mainiacjoe_overflow_tiny_flanked, enter_bailey_4, uniq_gastronok
D:11:     layout_stronghold, serial_shops, nicolae_shop_hallway_plus,
          uniq_erolcha
D:12:     layout_loops_cross, orc_0_dummy, serial_shops, shop,
          okawaru_metal_pillars_1_2
D:13:     minmay_the_grid_triangle_9x9_recursive_3_mashed
          [minmay_the_grid_triangle_9x9_from_above,
          minmay_the_grid_triangle_9x9_zippers_horizontal,
          minmay_the_grid_triangle_9x9_subtriangle,
          minmay_the_grid_triangle_9x9_prize_center,
          minmay_the_grid_triangle_9x9_corrupted_corridor,
          minmay_the_grid_triangle_9x9_descending_squares,
          minmay_the_grid_triangle_9x9_alien,
          minmay_the_grid_triangle_9x9_minimal,
          minmay_the_grid_triangle_9x9_pentomino_pain], layout_loops_ring,
          maelrawn_ghost_gauntlet_escape,
          nicolae_gozag_cash_rules_everything_around_me, uniq_jorgrun
D:14:     minmay_inside_and_out, layout_long_grid, grunt_vaults_entry_tiered,
          serial_shops, shop_statue, nicolae_water_bricks, uniq_nessos
D:15:     hangedman_depths_entry_try_elsewhere_first, layout_rooms,
          serial_glass, glass_columns_c, glass_columns_c, due_unseen_surprise,
          feat_on_display
Temple:   nicolae_temple_no_exploring_needed
Lair:1:   layout_cave_pods
Lair:2:   layout_small_grid, nicolae_spider_entry_non_spiders
Lair:3:   layout_loops_ring, minmay_swamp_entry_worms,
          nicolae_volcano_entry_batcave, serial_bayou_shore_a, uniq_rupert,
          uniq_amaemon
Lair:4:   beast_lair_carwin_large_3, layout_cave_pods,
          nicolae_slime_entry_slimehenge, grunt_forest_large_clearings,
          uniq_josephine
Lair:5:   hellmonk_lair_end_abyssal_woods, layout_hall_layers
Swamp:1:  layout_basic_swamp, nicolae_swamp_dense_foliage
Swamp:2:  cheibrodos_swamp_mausoleum, layout_basic_swamp,
          evilmike_swamp_ruin_rubble_1, swamp_pool1
Swamp:3:  layout_basic_swamp, evilmike_swamp_ruin_house_3
Swamp:4:  swamp_old_school, layout_basic_swamp
Spider:1: layout_chambers, nicolae_spider_world_wide_web, uniq_agnes
Spider:2: layout_cave_pods, uniq_roxanne, uniq_asterion
Spider:3: layout_spider_delve, portal_ice_cave_entry_pillars_four,
          nicolae_spider_rock_and_or_roll, uniq_arachne, uniq_azrael,
          uniq_bai_suzhen, uniq_donald, uniq_kirke
Spider:4: spider_rune_water
Slime:1:  layout_caves
Slime:2:  layout_caves
Slime:3:  layout_caves
Slime:4:  layout_caves, cheibrodos_slime_lost_civilization_6
Slime:5:  slime_pit
Orc:1:    cheibrodos_orc_bank, layout_diamond_mine, uniq_maurice
Orc:2:    grunt_orc_community_town_hall, layout_caves,
          grunt_orc_community_big_house_1, grunt_orc_community_big_house_1,
          grunt_orc_community_house_1, grunt_orc_community_house_3,
          grunt_orc_community_house_3, grunt_orc_community_house_2,
          uniq_saint_roka
Elf:1:    eino_elf_arrival_shootout, layout_rooms,
          kennysheep_underground_church, minmay_elf_necromancy
Elf:2:    nicolae_elf_blades_crystal_corner, layout_gridlike, serial_shops,
          nicolae_shop_bloodbath_and_beyond
Elf:3:    minmay_elf_hall_x, layout_gridlike,
          nicolae_elf_double_double_double_trouble
Vaults:1: lightli_church_of_beogh, v_misc_18, hangedman_vaults_hat,
          nicolae_vaults_little_squares_2, nicolae_vaults_alarming,
          nicolae_vaults_storage_room_water, nicolae_vaults_trapezoid_layered,
          nicolae_vaults_surprise_closet, layout_vaults_big_cross, serial_shops,
          shop
Vaults:2: hangedman_vaults_river_flow, v_rooms_4, v_rooms_2,
          nicolae_vaults_more_shelving_2, hellmonk_guarded_unrand_gong,
          v_alt_pattern_1, nicolae_vaults_tetromino_L_1,
          nicolae_vaults_yaktaur_gun_rack, vaults_room_door_ring,
          nicolae_vaults_hexular_roomagon, v_misc_3,
          nicolae_vaults_circle_grid_a, layout_vaults_maze, serial_shops, shop
Vaults:3: vaults_room_door_hall, nicolae_vaults_closet_pinwheel_1, v_misc_31,
          v_misc_1, hangedman_vaults_locks, ontoclasm_vaults_hangar,
          vaults_room_stairs_pillars, blue_anna_dwarven_crypt,
          layout_vaults_omnigrid, serial_shops,
          nicolae_shop_tiny_real_fake_doors,
          nicolae_shop_competitors_out_of_business, nicolae_shop_waterfront,
          shop
Vaults:4: nicolae_vaults_shipping_containers_3, ontoclasm_vaults_fault,
          nicolae_vaults_stairing_the_circle, vaults_dpeg_spiral,
          hangedman_vaults_snaps, v_pattern_3, ontoclasm_vaults_shuriken,
          vaults_mumra_hexcomb, v_misc_25, nicolae_vaults_mini_display_case,
          nicolae_vaults_trapezoid_lopsided_4, nicolae_vaults_asterisk,
          v_misc_29, nicolae_vaults_tetromino_T_1, layout_vaults_omnibox
Vaults:5
Crypt:1:  layout_basic, grunt_megastairs_2, grunt_crypt_arrival_guarded_gate,
          uniq_khufu
Crypt:2:  tekkud_devil_daggers, layout_chaotic_city,
          nicolae_crypt_cryptocurrency
Crypt:3:  due_elkab, layout_chaotic_city, nicolae_tomb_entry_rubble_hallway,
          moated_statue, nzn_life_drinkers
Tomb:1
Depths:1: layout_cave_pools, serial_rivers, chequers_serial_rivers_micro_e,
          chequers_serial_rivers_large_b, chequers_serial_rivers_small_b,
          chequers_serial_rivers_micro_c, chequers_serial_rivers_small_a,
          chequers_serial_rivers_large_a, lightli_too_deep,
          nicolae_uskayaw_dance_hall, nicolae_ru_sacrificial_ziggurat
Depths:2: kennysheep_scales, layout_gridlike, enter_ziggurat_c, hell_entry,
          nicolae_trove_entry_isolated, pan_entry
Depths:3: vault_1, layout_cave_pools, hell_entry, tso_altar,
          hangedman_abyss_entry_splay
Depths:4: grunt_zot_entry_funnels, layout_gridlike, grunt_pan_entry_spiral,
          pf_coc_iceberg, minmay_shoptagon
Hell
Zot:1:    layout_basic, st_stairs_9, regret_index_zotdec_zees, uniq_vv
Zot:2:    nicolae_zot_stationary_front, layout_onion, grunt_ministairs_8,
          chequers_guarded_unrand_mask_of_the_dragon
Zot:3:    layout_twisted_circle, grunt_ministairs_15
Zot:4:    layout_misc_corridors, regret_index_zotdec_twisting_globes,
          lemuel_elevator, uniq_grunn
Zot:5:    layout_basic, gammafunk_ghost_crypt

Skill      XL: |  1  2  3  4  5  6  7  8  9 10 11 12 13 14 15 16 17 18 19 20 21 22 23 24 25 26 27 |
---------------+----------------------------------------------------------------------------------+-----
Conjurations   | 1 2 3 4 5 7 8 9 10 11 12 14 15 17 18 19 20 | 20.5
Spellcasting   | 2 3 4 5 6 7 9 10 11 12 13 15 17 19 20 | 20.0
Fighting       | 1 9 10 12 | 12.0
Air Magic      | 3 4 5 6 7 10 12 13 14 15 16 17 18 19 20 | 20.5
Transmutations | 1 2 4 5 7 9 10 | 10.0
Dodging        | 2 8 10 12 | 12.0
Evocations     | 2 3 5 6 11 | 11.0
Ice Magic      | 4 5 |  5.0
Translocations | 4 5 |  5.0
Shields        | 3 7 11 12 13 | 13.0
Armour         | 1 6 7 |  7.0
Earth Magic    | 4 5 |  5.0
Long Blades    | 4 21 | 21.4
Hexes          | 3 5 |  5.0
Throwing       | 2 6 |  6.0
Stealth        | 5 |  5.3

Action                     |  1- 3 |  4- 6 |  7- 9 | 10-12 | 13-15 | 16-18 | 19-21 | 22-24 | 25-27 || total
---------------------------+-------+-------+-------+-------+-------+-------+-------+-------+-------++-------
  Melee: Unarmed           |    20 |       |       |       |       |       |       |       |       ||    20
         Trident           |       |    68 |    69 |     6 |       |       |       |       |       ||   143
         Staff             |       |       |       |    31 |    83 |     4 |     1 |       |       ||   119
         Punch             |       |       |       |     1 |       |       |       |       |       ||     1
         Double sword      |       |       |       |       |       |       |       |    72 |    48 ||   120
  Throw: Dart              |       |       |     7 |     2 |     9 |       |       |       |       ||    18
         Throwing net      |       |       |       |     2 |     1 |     2 |       |       |       ||     5
   Cast: Shock             |    74 |   129 |   215 |   137 |   308 |       |       |       |       ||   863
         Static Discharge  |     2 |     4 |    55 |   108 |   133 |     2 |       |       |       ||   304
         Irradiate         |       |       |     4 |    33 |   137 |    38 |    42 |    38 |    26 ||   318
         Airstrike         |       |       |       |    15 |   145 |    66 |   133 |    18 |     3 ||   380
         Conjure Ball Ligh |       |       |       |       |   113 |   340 |   289 |    68 |       ||   810
         Freezing Cloud    |       |       |       |       |     1 |     2 |       |       |       ||     3
         Iskenderun's Myst |       |       |       |       |       |     5 |     7 |       |       ||    12
         Arcjolt           |       |       |       |       |       |    13 |     6 |    21 |     6 ||    46
         Blink             |       |       |       |       |       |     2 |     1 |     1 |     1 ||     5
         Maxwell's Capacit |       |       |       |       |       |       |     7 |     1 |    40 ||    48
         Chain Lightning   |       |       |       |       |       |       |       |   411 |   758 ||  1169
         Apportation       |       |       |       |       |       |       |       |       |     2 ||     2
         Passwall          |       |       |       |       |       |       |       |       |     2 ||     2
  Evoke: Wand              |       |       |    15 |       |    12 |     8 |    17 |     3 |    30 ||    85
         Phial of floods   |       |       |       |       |     2 |     1 |     1 |       |     3 ||     7
         Tin of tremorston |       |       |       |       |     3 |     4 |     4 |     5 |     4 ||    20
         Lightning rod     |       |       |       |       |       |    11 |    11 |     8 |    15 ||    45
         Phantom mirror    |       |       |       |       |       |     1 |       |       |       ||     1
         Box of beasts     |       |       |       |       |       |       |       |       |     1 ||     1
    Use: Scroll            |     2 |     6 |     8 |     6 |    21 |    14 |     1 |     7 |    10 ||    75
         Potion            |       |       |     5 |     1 |     3 |    10 |       |     2 |    20 ||    41
   Stab: Sleeping          |       |     4 |       |       |       |       |       |       |       ||     4
 Armour: Robe              |    18 |    52 |   194 |   286 |   682 |   604 |   576 |   615 |    54 ||  3081
         Leather armour    |       |       |       |       |       |       |       |       |   789 ||   789
  Dodge: Dodged            |    18 |    62 |   129 |   179 |   407 |    78 |    48 |   155 |   235 ||  1311
  Block: Buckler           |       |       |       |       |       |    13 |    34 |   144 |   142 ||   333

Table legend: (Time is in decaauts)
 A = Elapsed time spent in this place.
 B = Non-inter-level travel time spent in this place.
 C = Inter-level travel time spent in this place.
 D = Time resting spent in this place.
 E = Time spent auto-exploring this place.
 F = Levels seen in this place.
 G = Mean time per level.
                   A        B        C        D        E       F      G
               +--------+--------+--------+--------+--------+-----+--------+
         Total | 119664 | 110410 |   9254 |  14638 |  77945 |  76 | 1574.5 |
       Dungeon |  25818 |  22491 |   3327 |   1661 |  17161 |  15 | 1721.2 |
        Temple |     16 |     16 |      0 |      0 |      0 |   1 |   16.0 |
          Lair |  11892 |  11256 |    636 |    531 |   9299 |   5 | 2378.4 |
         Swamp |   8762 |   8249 |    513 |   2079 |   4949 |   4 | 2190.5 |
   Spider Nest |   7268 |   6723 |    545 |   1855 |   3635 |   4 | 1817.0 |
    Slime Pits |   4744 |   4238 |    506 |    610 |   3014 |   5 |  948.8 |
  Orcish Mines |   3738 |   3260 |    478 |    105 |   2526 |   2 | 1869.0 |
   Elven Halls |   6687 |   6496 |    191 |   1176 |   3901 |   3 | 2229.0 |
        Vaults |  13920 |  12859 |   1061 |    561 |  10017 |   5 | 2784.0 |
         Crypt |   8415 |   7936 |    479 |   1286 |   5439 |   3 | 2805.0 |
          Tomb |   3571 |   3456 |    115 |    782 |   1834 |   1 | 3571.0 |
        Depths |   9618 |   8988 |    630 |   1379 |   6477 |   4 | 2404.5 |
          Hell |    648 |    620 |     28 |     56 |    449 |   1 |  648.0 |
           Zot |  11989 |  11251 |    738 |   2432 |   7499 |   5 | 2397.8 |
      Ziggurat |   1268 |   1268 |      0 |      0 |    944 |  14 |   90.6 |
         Trove |     23 |     23 |      0 |      0 |      0 |   1 |   23.0 |
        Bailey |    625 |    625 |      0 |      0 |    465 |   1 |  625.0 |
      Ice Cave |     88 |     88 |      0 |      0 |     30 |   1 |   88.0 |
       Volcano |    568 |    568 |      0 |    124 |    300 |   1 |  568.0 |
               +--------+--------+--------+--------+--------+-----+--------+

Top non-repeatable levels by time:
Vaults:3: 5017 daAuts
   Zot:5: 4166 daAuts
  Tomb:1: 3571 daAuts
    D:13: 3500 daAuts
  Lair:3: 3315 daAuts
 Crypt:1: 3088 daAuts
  Lair:5: 3059 daAuts
    D:14: 2988 daAuts
 Swamp:2: 2953 daAuts
Depths:3: 2938 daAuts
 Crypt:3: 2898 daAuts
Vaults:4: 2652 daAuts
   Zot:2: 2638 daAuts
Depths:2: 2636 daAuts
Depths:4: 2616 daAuts
